 Dungeon Crawl Stone Soup version 0.29.1-15-g9cfb28693d (webtiles) character file.

Game seed: 18258490910716840235

8696 Peloso the Carver (level 11, -9/142 HPs)
             Began as a Minotaur Fighter on Apr 22, 2023.
             Was a Follower of Okawaru.
             Mangled by a cane toad (15 damage)
             ... on level 1 of the Lair of Beasts.
             The game lasted 00:24:39 (15213 turns).

Peloso the Carver (Minotaur Fighter)               Turns: 15213, Time: 00:24:40

Health: -9/142     AC: 25    Str: 23    XL:     11   Next: 13%
Magic:  9/10       EV:  2    Int:  5    God:    Okawaru [*.....]
Gold:   659        SH:  5    Dex: 12    Spells: 10/10 levels left

rFire   . . .      SeeInvis .   a - +1 long sword
rCold   . . .      Faith    .   d - +0 buckler
rNeg    . . .      Spirit   .   (body armour currently unavailable)
rPois   +          Reflect  .   (helmet currently unavailable)
rElec   .          Harm     .   (cloak currently unavailable)
rCorr   .          Rampage  .   (gloves currently unavailable)
Will    .....      NoTele   +   (boots currently unavailable)
Stlth   ++........              (no amulet)
HPRegen 0.33/turn               (no ring)
MPRegen 0.12/turn               (no ring)

@: tree-form
A: stationary, stasis, torment immunity, boosted hp, (horns 2), (retaliatory
headbutt)
a: Renounce Religion, Heroism


You were on level 1 of the Lair of Beasts.
You worshipped Okawaru.
Okawaru was aware of your devotion.
You were a tree.
You visited 3 branches of the dungeon, and saw 12 of its levels.

You collected 671 gold pieces.
You spent 12 gold pieces at shops.

Inventory:

Hand Weapons
 a - a +1 long sword (weapon)
 b - the +3 short sword of Jirir {vorpal, Str+2}
   (You found it on level 10 of the Dungeon)

   It inflicts extra damage upon your enemies.
   Str:       It affects your strength (+2).
Missiles
 y - 4 throwing nets (quivered)
Armour
 c - a +0 chain mail
 d - a +0 buckler (worn)
 g - a +0 plate armour (melded)
Jewellery
 s - a ring of flight
 w - an amulet of magic regeneration
 B - a +6 ring of intelligence
 E - a +4 ring of evasion
 G - a ring of ice
Wands
 k - a wand of charming (15)
 l - a wand of polymorph (12)
 t - a wand of mindburst (10)
 u - a wand of digging (6)
 A - a wand of light (5)
 K - a wand of flame (8)
Scrolls
 f - a scroll of amnesia
 h - 4 scrolls of fog
 j - a scroll of acquirement
 m - 5 scrolls of poison
 x - a scroll of magic mapping
 C - a scroll of enchant armour {unknown}
 D - a scroll of immolation
 H - a scroll of silence {unknown}
 I - a scroll of teleportation {unknown}
 J - a scroll of enchant weapon
Potions
 e - a potion of might
 i - a potion of brilliance {unknown}
 o - 2 potions of mutation
 p - a potion of magic {unknown}
 v - a potion of cancellation {unknown}
 z - a potion of flight
 F - a potion of berserk rage {unknown}


   Skills:
 + Level 8.8 Fighting
 + Level 13.3 Long Blades
 + Level 11.8 Armour
 + Level 2.5 Dodging
 + Level 1.0 Stealth
 + Level 7.5 Shields
 + Level 0.6 Invocations
 + Level 2.1 Evocations


You had 10 spell levels left.
You didn't know any spells.
Your spell library contained the following spells:

 Spells                   Type           Power      Damage    Failure   Level
 Magic Dart               Conj           0%         1d3       54%         1
 Sandblast                Erth           0%         2d4       54%         1
 Blink                    Tloc           0%         N/A       69%         2
 Passwall                 Tmut/Erth      0%         N/A       69%         2
 Searing Ray              Conj           0%         2d4       69%         2
 Static Discharge         Conj/Air       0%         3-3/arc   69%         2
 Lesser Beckoning         Tloc           0%         N/A       89%         3
 Ozocubu's Armour         Ice            0%         N/A       89%         3
 Stone Arrow              Conj/Erth      0%         3d7       89%         3
 Fulminant Prism          Conj/Hex       0%         3d6       100%        4
 Leda's Liquefaction      Hex/Erth       0%         N/A       100%        4
 Lee's Rapid Deconstruct  Erth           0%         3d5*      100%        5
 Lightning Bolt           Conj/Air       0%         1d11      100%        5
 Manifold Assault         Tloc           0%         N/A       100%        5
 Statue Form              Tmut/Erth      0%         N/A       100%        6
 Ozocubu's Refrigeration  Ice            0%         4d7       100%        7
 Maxwell's Capacitive Co  Air            0%         ∞         100%        8
 Summon Small Mammal      Summ           Unusable   N/A       N/A         1
 Call Canine Familiar     Summ           Unusable   N/A       N/A         3
 Summon Guardian Golem    Hex/Summ       Unusable   N/A       N/A         3

Dungeon Overview and Level Annotations

Branches:
Dungeon (10/15)            Temple (1/1) D:7            Lair (1/5) D:10
    Orc (0/2) D:10

Altars:
Ashenzari
Cheibriados
Dithmenos
Elyvilon
Fedhas
Gozag
Hepliaklqana
Kikubaaqudgha
Makhleb
Nemelex Xobeh
Okawaru
Qazlal
Ru
Sif Muna
Trog
Uskayaw
Vehumet
Wu Jian
Xom
Yredelemnul
Zin
The Shining One

Shops:
D:2 !   D:8 [

Annotations:
D:3 2 transporters
D:9 3 runed translucent doors - dig , EarthwalkerPL's ghost, novice MiFi


Innate Abilities, Weirdness & Mutations

You are a tree.
Your roots penetrate the ground, keeping you stationary.
You cannot be teleported.
You are immune to unholy pain and torment.
Your maximum health is greatly increased.
Your equipment is partially melded.
((You have a pair of horns on your head.))
((You reflexively headbutt those who attack you in melee.))


Message History

You kill the komodo dragon!
Okawaru accepts your kill.
You closely miss the cane toad. The cane toad barely misses you.
You hit the cane toad.
The cane toad is lightly wounded.
The cane toad stings you!
* * * LOW HITPOINT WARNING * * *
You feel better. The cane toad stings you.
* * * LOW HITPOINT WARNING * * *
You hit the cane toad but do no damage.
The cane toad is lightly wounded.
You block the cane toad's attack.
You hit the cane toad but do no damage.
The cane toad is lightly wounded.
The cane toad misses you.
You hit the cane toad but do no damage.
The cane toad is lightly wounded.
The cane toad barely misses you.
You barely miss the cane toad.
The cane toad is lightly wounded.
You block the cane toad's attack.
You hit the cane toad.
You headbutt the cane toad, but do no damage.
The cane toad is lightly wounded.
Okay, then.
Okay, then.
Really quaff the potion of lignification?
Uppercase [Y]es or [N]o only, please.
Really quaff the potion of lignification?
You turn into a tree.
Your +0 plate armour melds into your body.
Your roots penetrate the ground.
You feel like a meek peon again.
The cane toad stings you but does no damage.
The cane toad stings you!
* * * LOW HITPOINT WARNING * * *
You hit the cane toad but do no damage.
The cane toad is lightly wounded.
The cane toad stings you!
You die...

..##......##..##..##..#
.##.......#..##..##..##
...#......##..##..##..P#
#........##..##..##..#
#.♣.#....##......##..##.
#....##..##.............
.......#..#..#....<.....
.........#F#....#..#...##.
.........♣###..##..##..#
.##...##...##..##..##...#
#.♣. ##......##..##..## .
##...#.#...##..#
.....##..##... ♣.>..# ..##
......# .#..##


You could see a cane toad.

Vanquished Creatures
  A two-headed ogre (D:10)
  2 gargoyles (D:10)
  2 kobold demonologists (D:10)
  A komodo dragon (Lair:1)
  A troll (D:10)
  A hornet (D:9)
  4 steam dragons
  2 vampire mosquitoes (D:9)
  Menkaure (D:7)
  A warg (D:10)
  Duvessa (D:7)
  4 water moccasins
  An ice beast (D:6)
  3 orc warriors
  2 black bears
  A sky beast (D:7)
  6 ogres (D:9)
  5 centaurs
  3 kobold brigands
  3 phantoms
  5 bullfrogs
  5 necrophages
  5 scorpions
  A gnoll sergeant (D:10)
  Dowan (D:7)
  9 killer bees
  7 howler monkeys
  4 crimson imps (D:7)
  2 lava snakes (D:10)
  3 hounds
  A gnoll bouda (D:7)
  3 jellies
  6 orc priests
  3 iguanas
  6 orc wizards
  Robin (D:3)
  11 gnolls
  7 adders
  A shadow imp (D:7)
  3 white imps
  2 ufetubi
  2 worms
  A dart slug (D:2)
  45 orcs
  7 ball pythons
  4 bat zombies (D:10)
  11 endoplasms
  4 giant cockroaches
  6 hobgoblins
  20 kobolds
  4 quokkas
  3 bats
  6 frilled lizards
  13 goblins
  3 rats
  2 rat zombies (D:10)
262 creatures vanquished.

Vanquished Creatures (others)
  10 fungi (D:5)
  3 plants
13 creatures vanquished.

Grand Total: 275 creatures vanquished

Notes
Turn   | Place    | Note
-------+----------+-------------------------------------------
     0 | D:1      | Peloso the Minotaur Fighter began the quest for the Orb.
     0 | D:1      | Reached XP level 1. HP: 19/19 MP: 0/0
   201 | D:1      | Reached XP level 2. HP: 9/27 MP: 1/1
  1082 | D:2      | Reached skill level 3 in Long Blades
  1142 | D:2      | Reached XP level 3. HP: 33/33 MP: 2/2
  1185 | D:2      | Identified the +1 leather armour "Aclaff" {rN+ MP+9}
  1405 | D:2      | Found Quijahaoma's Distillery.
  1410 | D:2      | Bought a potion of degeneration for 12 gold pieces
  1862 | D:3      | You fall into a shaft and drop 1 floor!
  1926 | D:3      | Found a sacrificial altar of Ru.
  1935 | D:3      | Found a transporter.
  2048 | D:3      | Found a broken altar of Ashenzari.
  2111 | D:3      | Noticed a phantom
  2153 | D:3      | Killed a phantom
  2154 | D:3      | Reached skill level 4 in Long Blades
  2154 | D:3      | Reached XP level 4. HP: 37/41 MP: 3/3
  2166 | D:3      | Reached XP level 5. HP: 41/47 MP: 4/4
  2296 | D:3      | Noticed Robin
  2305 | D:3      | Killed Robin
  2432 | D:3      | Found a burning altar of Makhleb.
  2484 | D:3      | Found a transporter.
  2501 | D:3      | Reached skill level 5 in Long Blades
  2569 | D:3      | Noticed a water moccasin
  2570 | D:3      | Found a snail-covered altar of Cheibriados.
  2705 | D:3      | Reached skill level 1 in Dodging
  2944 | D:4      | Reached skill level 5 in Armour
  2971 | D:4      | Reached XP level 6. HP: 52/53 MP: 5/5
  3385 | D:4      | Reached skill level 6 in Long Blades
  3818 | D:4      | Identified a scroll of acquirement
  3856 | D:5      | Entered Level 5 of the Dungeon
  4039 | D:4      | Reached skill level 7 in Long Blades
  4039 | D:4      | Reached XP level 7. HP: 60/60 MP: 6/6
  4547 | D:6      | Reached skill level 5 in Fighting
  4547 | D:6      | Reached skill level 8 in Long Blades
  4903 | D:6      | Reached XP level 8. HP: 67/68 MP: 7/7
  5279 | D:7      | Found a staircase to the Ecumenical Temple.
  5302 | D:7      | Reached skill level 5 in Shields
  5318 | D:7      | Reached skill level 9 in Long Blades
  5327 | Temple   | Entered the Ecumenical Temple
  5756 | D:7      | Noticed Duvessa
  5756 | D:7      | Noticed Dowan
  5775 | D:7      | Killed Duvessa
  5777 | D:7      | Killed Dowan
  6036 | D:7      | Found a shimmering altar of Xom.
  6437 | D:7      | Reached XP level 9. HP: 72/75 MP: 8/8
  6455 | D:7      | Noticed Menkaure
  6892 | D:7      | Reached skill level 10 in Long Blades
  7535 | D:7      | Killed Menkaure
  7631 | D:5      | Identified the +0 robe of Zunol {Dex+4}
  8232 | D:5      | Found a shimmering blue altar of Sif Muna.
  8382 | D:5      | HP: 2/78 [steam dragon (6)]
  8383 | D:5      | Reached skill level 11 in Long Blades
  8806 | D:8      | Reached skill level 10 in Armour
  9595 | D:8      | Found Dyfuomux's Antique Armour Emporium.
  9703 | D:8      | Found a bloodstained altar of Trog.
 10050 | D:8      | Reached XP level 10. HP: 83/86 MP: 9/9
 10381 | D:9      | Noticed EarthwalkerPL's ghost (novice MiFi)
 10381 | D:9      | Noticed a spectral centaur warrior
 10381 | D:9      | Found a runed translucent gate.
 10381 | D:9      | Found a runed translucent gate.
 10381 | D:9      | Found a runed translucent gate.
 10460 | D:9      | Reached skill level 12 in Long Blades
 10788 | D:9      | Reached skill level 1 in Evocations
 12439 | D:9      | Noticed a two-headed ogre
 12580 | D:10     | Entered Level 10 of the Dungeon
 12603 | D:10     | Found a basalt altar of Yredelemnul.
 12603 | D:10     | Found an iron altar of Okawaru.
 12612 | D:10     | Became a worshipper of Warmaster Okawaru
 12632 | D:10     | Noticed a gargoyle
 12650 | D:10     | Killed a gargoyle
 12669 | D:10     | Reached skill level 1 in Stealth
 13140 | D:10     | Reached * piety under Okawaru
 13164 | D:10     | Noticed a two-headed ogre
 13178 | D:10     | Killed a two-headed ogre
 13179 | D:10     | Reached skill level 13 in Long Blades
 13400 | D:10     | Found a staircase to the Lair.
 13998 | D:10     | Found a staircase to the Orcish Mines.
 14070 | D:10     | Noticed an orange demon
 14075 | D:10     | Reached XP level 11. HP: 67/95 MP: 10/10
 14490 | D:10     | Noticed a soul eater
 14913 | D:10     | Found an ancient bone altar of Kikubaaqudgha.
 15091 | D:10     | Identified the +3 short sword of Jirir {vorpal, Str+2}
 15145 | Lair:1   | Entered Level 1 of the Lair of Beasts
 15197 | Lair:1   | HP: 4/95 [komodo dragon (5)]
 15212 | Lair:1   | HP: 6/142 [cane toad (13)]
 15213 | Lair:1   | Mangled by a cane toad

Illustrated notes

Levels and vault maps discovered:
D:1:      dpeg_arrival_brainrot, layout_basic
D:2:      layout_basic, serial_shops, nicolae_shop_hallway_plus
D:3:      layout_basic, gammafunk_temple_overflow_arena,
          nicolae_overflow_crystal_walls, nicolae_ru_sacrificial_ziggurat,
          marbit_many_paths, minmay_misc_feat_plants,
          kennysheep_cross_bottleneck, uniq_robin
D:4:      layout_basic
D:5:      kennysheep_steamy, layout_basic, nicolae_sif_muna_little_library
D:6:      layout_loops_ring, st_stairs_7
D:7:      layout_loops_corners, led_xom_imps, minmay_temple_entry_overgrown,
          grunt_ministairs_15, minivault_23, kennysheep_generic_room_6,
          uniq_duvessa, uniq_menkaure
D:8:      layout_layer_cave, mainiacjoe_overflow_small_starburst, serial_shops,
          nicolae_shop_window_shopping
D:9:      lemuel_ogre_cave, layout_basic, special_room [special_room_orc],
          gammafunk_ghost_necromancy
D:10:     layout_rooms, lemuel_zombie_altar_kikubaaqudgha,
          nicolae_overflow_two_pavilions, lair_entry_dummy, david_orc_3,
          minmay_misc_feat_alley
Temple:   minmay_temple_forest_path
Lair:1:   layout_long_grid, grunt_megastairs_5, serial_bayou_shore_b,
          infiniplex_staircase_pool_2, serial_bayou_shore_a, uniq_urug,
          uniq_gastronok

Skill      XL: |  1  2  3  4  5  6  7  8  9 10 |
---------------+-------------------------------+-----
Fighting       | 4 5 6 7 8 |  8.8
Shields        | 4 5 6 7 |  7.5
Long Blades    | 3 4 5 7 8 9 11 13 | 13.3
Armour         | 4 5 6 8 10 11 | 11.8
Dodging        | 1 2 |  2.5
Evocations     | 2 |  2.1
Stealth        | 1 |  1.0
Invocations    | |  0.6

Action                   |  1- 3 |  4- 6 |  7- 9 | 10-12 || total
-------------------------+-------+-------+-------+-------++-------
Melee: Long sword        |   112 |   125 |   361 |   335 ||   933
       Headbutt          |    10 |    22 |    73 |    55 ||   160
Invok: Heroism           |       |       |       |     3 ||     3
Evoke: Wand              |       |       |     2 |    21 ||    23
  Use: Scroll            |     3 |     3 |     5 |     1 ||    12
       Potion            |     1 |     1 |     4 |    11 ||    17
Armor: Scale mail        |     1 |       |       |       ||     1
       Chain mail        |    67 |    60 |    20 |       ||   147
       Plate armour      |       |       |   227 |   165 ||   392
       Skin              |       |       |       |    27 ||    27
Dodge: Dodged            |    32 |    47 |   111 |   122 ||   312
Block: Buckler           |    22 |    23 |    74 |   104 ||   223
